 Dungeon Crawl Stone Soup version 0.27.1-33-g824d729ab1 (webtiles) character file.

Game seed: 9584257269335953100

513 pkoi the Insei (level 7, 0/50 HPs)
             Began as a Purple Draconian Earth Elementalist on Dec 4, 2021.
             Was an Initiate of Qazlal.
             Slain by a scorpion (6 damage)
             ... on level 4 of the Dungeon.
             The game lasted 00:06:03 (6591 turns).

pkoi the Insei (DrEE)                               Turns: 6591, Time: 00:06:03

Health: 0/50       AC:  6    Str: 11    XL:     7   Next: 0%
Magic:  6/10       EV: 16    Int: 17    God:    Qazlal [......]
Gold:   112        SH:  0    Dex: 11    Spells: 9/10 levels left

rFire    . . .     SeeInvis .     - Unarmed
rCold    . . .     Faith    .   (no shield)
rNeg     . . .     Spirit   .   (armour unavailable)
rPois    .         Reflect  .   (helmet restricted)
rElec    .         Harm     .   (no cloak)
rCorr    .         Rampage  .   (no gloves)
Will     +....                  (no boots)
Stlth    ++........             (no amulet)
HPRegen  0.16/turn              d - +4 ring of evasion
MPRegen  0.12/turn              f - ring of flight

@: lethally poisoned (0 -> -10), flying, very slightly contaminated
A: breathe power, AC +6, unfitting armour, cold-blooded
a: Breathe Dispelling Energy, Renounce Religion


You were on level 4 of the Dungeon.
You worshipped Qazlal.
Qazlal was noncommittal.
You visited 2 branches of the dungeon, and saw 5 of its levels.

You collected 112 gold pieces.

Inventory:

Hand Weapons
 i - a +0 dagger of venom
Missiles
 b - 26 stones
Jewellery
 c - a ring of fire
 d - a +4 ring of evasion (left hand)
 f - a ring of flight (right hand)
Scrolls
 a - a scroll of identify
 e - a scroll of teleportation
 g - a scroll of enchant armour
 h - a scroll of blinking
 j - 3 scrolls of immolation {unknown}
 k - a scroll of fog {unknown}


   Skills:
 - Level 1.7 Dodging
 - Level 1.7 Stealth
 + Level 5.9 Unarmed Combat
 - Level 2.4 Spellcasting
 + Level 3.8 Transmutations
 - Level 3.0 Earth Magic
 + Level 1.2 Invocations


You had 9 spell levels left.
You knew the following spells:

 Your Spells              Type           Power      Damage    Failure   Level
a - Sandblast             Erth           24%        2d8       5%          1

Your spell library contained the following spells:

 Spells                   Type           Power      Damage    Failure   Level
 Passwall                 Tmut/Erth      10%        N/A       7%          2
 Stone Arrow              Conj/Erth      14%        3d7       30%         3
 Petrify                  Tmut/Erth      13%        N/A       41%         4


Dungeon Overview and Level Annotations

Branches:
Dungeon (4/15)             Temple (1/1) D:4

Altars:
Cheibriados
Dithmenos
Gozag
Kikubaaqudgha
Nemelex Xobeh
Qazlal
Sif Muna
Trog
Uskayaw
Vehumet
Wu Jian
Zin
The Shining One

Shops:
D:2 ?


Innate Abilities, Weirdness & Mutations

You can breathe bolts of dispelling energy.
Your rich purple scales are hard. (AC +6)
You cannot fit into any form of body armour.
You are cold-blooded and may be slowed by cold attacks.


Message History

You feel sick. The scorpion stings you.
* * * LOW HITPOINT WARNING * * *
You barely miss the scorpion.
The scorpion is moderately wounded.
You feel sick. The scorpion stings you.
* * * LOW HITPOINT WARNING * * *
Aiming: Sandblast (safe; 5% risk of failure)
Press: ? - help, Q - select action, (/) - cycle Shift-Dir - straight line, f/p - scorpion
Aim: a scorpion (moderately wounded, 79% to hit)
The blast of sand hits the scorpion but does no damage.
The scorpion is moderately wounded.
You have got your breath back.
You feel sick. The scorpion closely misses you.
Aiming: Sandblast (safe; 5% risk of failure)
Press: ? - help, Q - select action, (/) - cycle Shift-Dir - straight line, f/p - scorpion
Aim: a scorpion (moderately wounded, 79% to hit)
The blast of sand hits the scorpion.
The scorpion is heavily wounded.
You feel sick. The scorpion completely misses you.
Aiming: Sandblast (safe; 5% risk of failure)
Press: ? - help, Q - select action, (/) - cycle Shift-Dir - straight line, f/p - scorpion
Aim: a scorpion (heavily wounded, 79% to hit)
The blast of sand hits the scorpion.
The scorpion is heavily wounded.
You feel sick.
The scorpion stings you but does no damage.
The scorpion stings you.
* * * LOW HITPOINT WARNING * * *
You are lethally poisoned!
The scorpion poisons you!
Aiming: Sandblast (safe; 5% risk of failure)
Press: ? - help, Q - select action, (/) - cycle Shift-Dir - straight line, f/p - scorpion
Aim: a scorpion (heavily wounded, 79% to hit)
You miscast Sandblast.
You are very lightly contaminated with residual magic.
Nothing appears to happen.
* * * LOW HITPOINT WARNING * * *
You feel very sick. The scorpion stings you.
You die...

##########
#........##########
#........#........#
#........'........#
#........#........#
#........#........#
#........#........#
##@......#........#
#....s.......#........#
#....#.......#..).....#
#....#.......#........#
####+#.......#....(...#
........###'##........#
.......)#.............#
........#....[........#
........+.............#


You could see a scorpion.

Vanquished Creatures
  An ice beast (D:3)
  A centaur (D:3)
  A water moccasin skeleton (D:4)
  3 orc priests
  A bullfrog skeleton (D:3)
  2 orc wizards
  3 adders (D:2)
  2 worms
  4 dart slugs
  8 orcs
  10 ball pythons
  3 bats (D:2)
  7 endoplasms
  A giant cockroach (D:3)
  6 goblins
  5 hobgoblins
  3 quokkas
  5 frilled lizards
  9 kobolds
  10 rats
85 creatures vanquished.

Notes
Turn   | Place    | Note
-------+----------+-------------------------------------------
     0 | D:1      | pkoi the Draconian Earth Elementalist began the quest for
                  | the Orb.
     0 | D:1      | Reached XP level 1. HP: 14/14 MP: 3/3
   307 | D:1      | Reached skill level 1 in Unarmed Combat
   639 | D:1      | Reached XP level 2. HP: 7/20 MP: 0/5
  1003 | D:1      | Reached skill level 2 in Unarmed Combat
  1806 | D:2      | Reached XP level 3. HP: 26/26 MP: 6/6
  2219 | D:2      | Reached skill level 3 in Unarmed Combat
  2536 | D:2      | Found Foocvy's Magic Scroll Emporium.
  2641 | D:2      | Reached XP level 4. HP: 29/33 MP: 7/7
  3961 | D:2      | Reached skill level 4 in Unarmed Combat
  4007 | D:3      | Reached XP level 5. HP: 25/38 MP: 3/8
  4343 | D:3      | Noticed a centaur
  4362 | D:3      | Killed a centaur
  4363 | D:3      | Reached skill level 5 in Unarmed Combat
  4649 | D:3      | Reached XP level 6. HP: 45/45 MP: 9/9
  5064 | D:3      | Found a bloodstained altar of Trog.
  5065 | D:3      | Noticed an ice beast
  5089 | D:3      | Killed an ice beast
  5400 | D:3      | Found an ancient bone altar of Kikubaaqudgha.
  5584 | D:4      | Found a staircase to the Ecumenical Temple.
  5593 | Temple   | Entered the Ecumenical Temple
  5923 | Temple   | Became a worshipper of Qazlal Stormbringer
  5983 | D:4      | Found a glowing golden altar of the Shining One.
  6034 | D:4      | Found a shadowy altar of Dithmenos.
  6270 | D:4      | Reached skill level 1 in Invocations
  6340 | D:4      | Your scales start taking on a rich purple colour.
  6340 | D:4      | Reached XP level 7. HP: 19/50 MP: 4/10
  6591 | D:4      | Slain by a scorpion

Illustrated notes

Levels and vault maps discovered:
D:1:      dpeg_arrival_ratfight, layout_rooms, hex_intersection
D:2:      layout_basic, serial_shops, shop, serial_forest,
          infiniplex_forest_zigzag_1, infiniplex_forest_straight_2,
          infiniplex_forest_lined_1, infiniplex_forest_straight_4,
          infiniplex_forest_lined_room_
D:3:      layout_basic, mainiacjoe_overflow_large_starburst
D:4:      layout_gridville, nicolae_yredelemnul_corpse_copse,
          nicolae_hepliaklqana_monster_ancestors, tso_oasis_becter,
          mainiacjoe_overflow_big_doors, amcnicky_altar_gilded,
          minmay_temple_entry_statues, eino_curves_04
Temple:   compressed_dpeg_triangle_lava_temple

Skill      XL: |  1  2  3  4  5  6 |
---------------+-------------------+-----
Unarmed Combat | 1 2 3 4 5 |  5.9
Transmutations | 2 3 |  3.8
Invocations    | 1 |  1.2
Dodging        | |  1.7
Stealth        | |  1.7
Spellcasting   | |  2.4
Earth Magic    | |  3.0

Action                   |  1- 3 |  4- 6 |  7- 9 || total
-------------------------+-------+-------+-------++-------
Melee: Unarmed           |   139 |   161 |    16 ||   316
       Tailslap          |    13 |    13 |       ||    26
       Punch             |       |     3 |       ||     3
 Cast: Sandblast         |    21 |    44 |     5 ||    70
 Abil: Breathe Dispellin |       |       |     1 ||     1
  Use: Scroll            |     6 |     1 |       ||     7
       Potion            |     1 |     3 |       ||     4
 Stab: Sleeping          |     2 |     4 |       ||     6
Armor: Skin              |    34 |    62 |     2 ||    98
Dodge: Dodged            |   135 |   141 |    14 ||   290
